 Dungeon Crawl Stone Soup version 0.20.2-3-g29329e0561 (webtiles) character file.

179 Alfie the Shield-Bearer (level 5, -1/46 HPs)
             Began as a Hill Orc Fighter on Nov 22, 2023.
             Slain by Blork the orc
             ... wielding a +0 trident
              (2 damage)
             ... on level 4 of the Dungeon.
             The game lasted 00:05:46 (2227 turns).

Alfie the Shield-Bearer (Hill Orc Fighter)          Turns: 2227, Time: 00:05:47

Health: -1/46      AC:  8    Str: 20    XL:     5   Next: 59%
Magic:  5/5        EV:  7    Int:  8    God:
Gold:   108        SH:  9    Dex: 10    Spells: 4/4 levels left

rFire    . . .     SeeInvis .   a - +0 rapier
rCold    . . .     Gourm    .   c - +0 shield
rNeg     . . .     Faith    .   b - +0 scale mail
rPois    .         Spirit   .   (no helmet)
rElec    .         Reflect  .   (no cloak)
rCorr    .         Harm     .   (no gloves)
MR       .....                  (no boots)
Stlth    ..........             (no amulet)
Regen    0.2/turn               g - +1 ring of protection
MPRegen  0.1/turn               (no ring)

@: lethally poisoned (-1 -> -2)
A: no striking features
a: no special abilities


You were on level 4 of the Dungeon.
You were not hungry.

You visited 1 branch of the dungeon, and saw 4 of its levels.

You collected 108 gold pieces.

Inventory:

Hand Weapons
 a - a +0 rapier (weapon)
Armour
 b - a +0 scale mail (worn)
 c - a +0 shield (worn)
Jewellery
 e - a +2 ring of evasion
 g - a +1 ring of protection (left hand)
 t - an uncursed ring of protection from magic {unknown}
Wands
 k - a wand of random effects (9/48)
Scrolls
 i - a scroll of enchant armour {unknown}
 p - a scroll of remove curse {unknown}
 q - a scroll of teleportation {unknown}
Potions
 d - 2 potions of might
 h - a potion of agility {unknown}
 l - a potion of flight {unknown}
 m - 2 potions of haste {unknown}
 n - a potion of ambrosia {unknown}
 o - a potion of brilliance {unknown}
 r - a potion of curing {unknown}
Comestibles
 f - 4 bread rations
 j - 2 meat rations
 s - 2 royal jellies


   Skills:
 + Level 4.2 Fighting
 + Level 3.7 Short Blades
 + Level 4.0 Armour
 + Level 0.7 Dodging
 + Level 0.1 Stealth
 + Level 4.4 Shields


You had 4 spell levels left.
You didn't know any spells.

Dungeon Overview and Level Annotations

Branches:
Dungeon (3/15)

Altars:
Cheibriados
Trog
Xom
The Shining One

Annotations:
D:4 Blork the orc, Grinder


Message History

The worker ant poisons you! Grinder gestures at you.
Pain shoots through your body!
* * * LOW HITPOINT WARNING * * *
Blork the orc hits you but does no damage.
You feel sick.
You feel sick.
Grinder says, "You look like you could use a good racking."
Blork the orc hits you from afar with a trident.
* * * LOW HITPOINT WARNING * * *
* * * LOW HITPOINT WARNING * * *
You feel sick.
Grinder blinks!
Blork the orc hits you but does no damage.
The worker ant bites you but does no damage.
Grinder blinks!
Blork the orc hits you but does no damage.
* * * LOW HITPOINT WARNING * * *
You feel sick.
Blork the orc hits you from afar with a trident.
You die...

#..............
#............. #
#........#.... .
##..........# ..
##.........# ..
#..........# #..
#.....(.)..####.#
###......5....##..#
#.)@a............##
###..o............##
##..........###..#
#.......)..# ##..
#..........# ##?
##........... #.
#.........#.....
##.......####...
##..


You could see Grinder, Blork the orc and a worker ant.

Vanquished Creatures
  An orc wizard (D:3)
  7 adders
  An ooze (D:2)
  2 worms
  4 dart slugs
  A leopard gecko (D:2)
  8 orcs
  3 giant cockroaches
  10 goblins
  9 hobgoblins
  6 kobolds
  8 bats
  A frilled lizard (D:1)
  2 rats (D:1)
63 creatures vanquished.

Notes
Turn   | Place    | Note
-------+----------+-------------------------------------------
     0 | D:1      | Alfie the Hill Orc Fighter began the quest for the Orb.
     0 | D:1      | Reached XP level 1. HP: 19/19 MP: 1/1
    58 | D:1      | Reached XP level 2. HP: 25/27 MP: 2/2
   324 | D:1      | Reached XP level 3. HP: 31/33 MP: 3/3
   987 | D:2      | Reached XP level 4. HP: 40/40 MP: 4/4
  1127 | D:2      | Found a faded altar of an unknown god.
  1127 | D:2      | Found a shimmering altar of Xom.
  1136 | D:2      | Found a bloodstained altar of Trog.
  1138 | D:2      | Found a glowing golden altar of the Shining One.
  1139 | D:2      | Found a faded altar of an unknown god.
  1277 | D:2      | Found a snail-covered altar of Cheibriados.
  1837 | D:3      | Reached XP level 5. HP: 31/46 MP: 5/5
  2143 | D:3      | You fall through a shaft!
  2192 | D:4      | Noticed Grinder
  2202 | D:4      | Noticed Blork the orc
  2210 | D:4      | Paralysed by Grinder for 5 turns
  2223 | D:4      | HP: 2/46 [poisoned by a worker ant]
  2227 | D:4      | Slain by Blork the orc

Skill      XL: |  1  2  3  4  5 |
---------------+----------------+-----
Short Blades   | 3 |  3.7
Fighting       | 4 |  4.2
Shields        | 4 |  4.4
Armour         | 4 |  4.0
Dodging        | |  0.7
Stealth        | |  0.1

Action                   |  1- 3 |  4- 6 || total
-------------------------+-------+-------++-------
Melee: Rapier            |   100 |   148 ||   248
  Use: Scroll            |     2 |       ||     2
  Eat: Bread ration      |       |     1 ||     1
Armor: Scale mail        |    47 |    79 ||   126
Dodge: Dodged            |    31 |    48 ||    79
Block: Shield            |    55 |    93 ||   148
